AoeStats
← Jewish Conspirator

Black Forest

508305303Analyzed
4v4 RM · 12d ago on Sep 21, 2026· 59m 59s· 8 players
Game mode
Random Map
Map size
Large (8 player)
Population
200
Speed
Normal
Resources
Standard
Victory
Conquest
Starting age
Dark Age
Ending age
Imperial Age
RankedLock teamsTeams togetherTeam positionsShared explorationLock speedFull tech treeHidden civsTurbo modeCheats
Victory
Defeat
🇺🇸 Japanese · United States
945
+41
🇧🇷 Aztecs · Brazil
933
+15
🇮🇳 Persians · India
890
+16
🇨🇦 Portuguese · Canada
883
+17
🇪🇸 Spanish · Spain
947
-18
🇬🇧 Koreans · United Kingdom
919
-16
🇹🇷 Hindustanis · Türkiye
886
-15
🇦🇹 Goths · Austria
849
-13
Doofus
11:00 Feudal Age
11:30 Double-Bit Axe
11:28 Horse Collar
19:21 Castle Age
20:01 Wheelbarrow
20:42 Bow Saw
20:35 Heavy Plow
20:22 Town Watch
25:17 Hand Cart
28:22 Fletching
28:30 Loom
32:46 Imperial Age
30:30 Gold Mining
30:31 Stone Mining
31:19 Ballistics
31:31 Murder Holes
32:16 Bodkin Arrow
33:04 Gold Shaft Mining
33:12 Town Patrol
34:25 Shinkichon
35:11 Two-Man Saw
35:15 Chemistry
34:00 Heavy Rocket Cart
35:35 Conscription
36:29 Siege Engineers
36:35 Masonry
36:28 Bracer
36:58 Eupseong
37:11 Thumb Ring
37:44 Squires
39:49 Coinage
39:19 Caravan
39:23 Elite War Wagon
42:08 Banking
41:48 Guilds
46:43 Pikeman
47:36 Forging
48:20 Architecture
47:36 Arrowslits
47:16 Halberdier
50:00 Iron Casting
Fatih Sultan MEHMET
3:12 Loom
10:52 Feudal Age
12:52 Wheelbarrow
12:30 Double-Bit Axe
17:30 Castle Age
15:56 Horse Collar
16:08 Gold Mining
16:11 Stone Mining
24:48 Hand Cart
27:29 Heavy Plow
29:39 Grand Trunk Road
33:40 Imperial Age
31:57 Gold Shaft Mining
33:27 Thumb Ring
34:10 Ballistics
34:01 Masonry
34:04 Fervor
33:44 Town Watch
35:23 Chemistry
35:13 Stone Shaft Mining
35:11 Scale Barding Armor
35:18 Forging
34:59 Fletching
35:09 Padded Archer Armor
35:20 Husbandry
35:31 Bloodlines
34:44 Heavy Camel Rider
34:56 Light Cavalry
35:49 Town Patrol
36:12 Bow Saw
36:23 Squires
36:11 Arson
36:47 Caravan
37:04 Siege Engineers
37:14 Masonry
37:58 Conscription
39:00 Two-Man Saw
38:27 Shatagni
39:04 Hoardings
40:26 Chain Barding Armor
40:28 Imperial Camel Rider
42:50 Elite Ghulam
45:19 Scale Mail Armor
45:54 Iron Casting
49:24 Chain Mail Armor
50:09 Blast Furnace
51:19 Bodkin Arrow
51:39 Leather Archer Armor
54:58 Bracer
55:29 Ring Archer Armor
57:57 Plate Barding Armor
patatitoRTILLA
13:55 Feudal Age
14:56 Double-Bit Axe
15:00 Fishing Lines
17:13 Wheelbarrow
17:46 Horse Collar
24:53 Castle Age
22:49 Gold Mining
26:08 Bow Saw
28:04 Caravan
28:24 Hand Cart
28:03 Stone Mining
29:47 Town Watch
29:48 Loom
30:01 Gillnets
39:53 Imperial Age
37:40 Forging
37:31 Scale Mail Armor
38:00 Pikeman
38:40 Squires
39:08 Ballistics
39:07 Siphons
39:15 Masonry
38:58 Guard Tower
40:45 Elite Conquistador
43:37 Chemistry
43:08 Architecture
42:10 Halberdier
43:32 Iron Casting
43:12 Chain Mail Armor
43:03 Scale Barding Armor
46:40 Redemption
49:29 Sanctity
49:45 Illumination
49:35 Fervor
50:18 Theocracy
50:57 Block Printing
51:12 Bombard Tower
happymen
0:38 Loom
13:51 Feudal Age
14:23 Horse Collar
14:31 Double-Bit Axe
15:17 Gold Mining
18:56 Stone Mining
21:37 Castle Age
21:38 Scale Mail Armor
21:48 Forging
22:23 Heavy Plow
22:36 Bow Saw
23:03 Stone Shaft Mining
25:49 Wheelbarrow
24:59 Town Watch
30:49 Chain Mail Armor
35:57 Imperial Age
34:30 Hand Cart
34:15 Town Patrol
35:43 Masonry
35:32 Murder Holes
36:01 Ballistics
36:24 Iron Casting
35:54 Caravan
36:06 Squires
35:26 Pikeman
36:46 Perfusion
37:06 Conscription
37:22 Crop Rotation
37:56 Two-Man Saw
36:37 Halberdier
36:42 Man-at-Arms
38:33 Anarchy
39:43 Blast Furnace
39:18 Long Swordsman
39:36 Two-Handed Swordsman
47:56 Chemistry
47:28 Architecture
48:58 Champion
DenDenlv
3:10 Loom
11:49 Feudal Age
13:24 Wheelbarrow
18:27 Castle Age
17:37 Double-Bit Axe
18:37 Stone Mining
19:13 Horse Collar
25:25 Treadmill Crane
29:38 Hand Cart
29:30 Town Watch
30:18 Gold Mining
30:43 Bow Saw
34:08 Imperial Age
32:55 Gold Shaft Mining
32:35 Squires
32:21 Arson
32:07 Elite Skirmisher
33:04 Caravan
33:05 Fletching
33:25 Forging
35:17 Conscription
34:19 Elite Samurai
36:09 Masonry
36:34 Fortified Wall
37:25 Chemistry
38:37 Kataparuto
39:07 Heavy Plow
40:10 Two-Man Saw
39:13 Scale Mail Armor
39:49 Iron Casting
39:10 Bodkin Arrow
43:40 Blast Furnace
42:55 Chain Mail Armor
43:42 Ballistics
43:28 Siege Engineers
45:11 Hoardings
45:54 Plate Mail Armor
45:27 Bracer
55:58 Spies/Treason
Jewish Conspirator
13:02 Feudal Age
14:18 Wheelbarrow
13:31 Double-Bit Axe
13:36 Horse Collar
19:56 Castle Age
18:10 Stone Mining
21:37 Hand Cart
30:46 Stone Shaft Mining
33:21 Imperial Age
31:49 Gold Mining
33:26 Heavy Plow
33:37 Bow Saw
35:39 Chemistry
34:45 Siege Engineers
34:51 Arquebus
34:32 Man-at-Arms
34:32 Pikeman
35:15 Long Swordsman
35:15 Halberdier
37:24 Two-Man Saw
40:00 Crop Rotation
39:54 Conscription
39:54 Caravan
41:28 Forging
41:18 Scale Mail Armor
40:41 Two-Handed Swordsman
41:06 Gambesons
41:08 Arson
43:53 Fortified Wall
43:55 Masonry
43:41 Murder Holes
44:55 Iron Casting
44:35 Chain Mail Armor
Jairzin
12:47 Feudal Age
13:35 Double-Bit Axe
13:33 Horse Collar
17:51 Castle Age
16:03 Stone Mining
18:43 Heavy Plow
18:58 Bow Saw
23:46 Loom
26:04 Wheelbarrow
29:42 Gold Mining
30:26 Hand Cart
33:08 Imperial Age
31:35 Stone Shaft Mining
31:36 Gold Shaft Mining
31:49 Forging
33:22 Iron Casting
32:48 Scale Mail Armor
32:38 Fletching
32:57 Squires
32:42 Arson
33:51 Chain Mail Armor
33:19 Treadmill Crane
33:28 Elite Jaguar Warrior
34:29 Garland Wars
34:30 Conscription
35:17 Blast Furnace
34:59 Plate Mail Armor
34:25 Bodkin Arrow
34:58 Siege Engineers
35:30 Heated Shot
36:01 Ballistics
36:51 Crop Rotation
36:42 Bracer
36:29 Arrowslits
38:28 Fervor
Boxster553
1:26 Loom
11:38 Feudal Age
16:52 Castle Age
15:24 Double-Bit Axe
15:33 Gold Mining
15:48 Horse Collar
18:24 Wheelbarrow
17:35 Town Watch
18:18 Heavy Plow
19:12 Bow Saw
22:26 Fishing Lines
23:32 Caravan
25:09 Hand Cart
27:00 Town Patrol
27:33 Stone Mining
28:48 Devotion
29:01 Forging
28:57 Scale Barding Armor
33:10 Gold Shaft Mining
33:12 Stone Shaft Mining
35:40 Imperial Age
33:47 Iron Casting
33:32 Chain Barding Armor
33:25 Bloodlines
33:16 Husbandry
33:33 Masonry
33:51 Ballistics
35:17 Elite War Elephant
36:19 Conscription
37:04 Blast Furnace
36:40 Plate Barding Armor
36:43 Faith
43:32 Fletching
43:43 Padded Archer Armor
44:16 Architecture
44:47 Chemistry
43:51 Kamandaran
44:01 Citadels
44:27 Hoardings
48:19 Bodkin Arrow
51:03 Leather Archer Armor
51:37 Crossbowman
52:23 Thumb Ring
55:57 Spies/Treason
Connection lost

Rejoining the realm…

Still unreachable

The connection could not be restored.

Session expired

The server has moved on; the page needs a fresh start.